Map: Ascension to Aiur LE

Players

SortOf - Winner!

  • Race: Zerg Zerg
  • Spawn Location: 5:00

Revolution

  • Race: Zerg Zerg
  • Spawn Location: 11:00

Event: WCS Montreal 2017

VOD

Have the link to the VOD?

Description

Time

  • Played on: Sept. 8, 2017, 12:13 p.m.
  • Length: 17:04

All games in this series

Show
View Real Time Build Order
Export as new Build Order

SortOf Zerg - Winner!

Build Orders: Hatch First, Zergling Baneling 

Get SALT Encoding   

  12  0:00  Drone  
  13  0:12  Overlord  
  13  0:17  Drone  
  14  0:31  Drone x2  
  16  0:37  Drone  
  17  0:52  Hatchery  
  17  0:55  Drone  
  17  1:00  Drone  
  18  1:09  Extractor  
  17  1:14  Spawning Pool  
  17  1:17  Drone  
  17  1:20  Drone  
  18  1:28  Drone  
  19  1:38  Drone  
  20  1:49  Overlord  
  20  2:01  Queen  
  20  2:05  Queen  
  20  2:06  Zergling x4  
  26  2:10  Metabolic Boost  
  26  2:12  Drone  
  28  2:15  Zergling x2  
  28  2:26  Drone x2  
  28  2:29  Baneling Nest  
  29  2:33  Drone  
  29  2:36  Drone  
  31  2:44  Zergling x2  
  31  2:47  Drone  
  33  2:54  Hatchery  
  32  3:00  Drone x2  
  34  3:06  Zergling x2  
  34  3:08  Zergling x2  
  34  3:10  Overlord  
  36  3:14  Baneling  
  36  3:15  Baneling x2  
  36  3:21  Overlord  
  36  3:24  Baneling  
  36  3:31  Zergling x10  
  41  3:38  Zergling x2  
  40  3:47  Zergling x8  
  43  3:49  Drone x2  
  43  3:50  Drone x2  
  47  3:58  Zergling x4  
  48  4:05  Baneling x2  
  48  4:09  Zergling x6  
  48  4:13  Baneling  
  48  4:16  Queen  
  49  4:20  Zergling x4  
  49  4:21  Zergling x10  
  53  4:25  Zergling x2  
  53  4:27  Baneling  
  51  4:33  Zergling x4  
  51  4:35  Zergling x2  
  51  4:37  Drone  
  50  4:45  Baneling x2  
  50  4:47  Zergling x4  
  52  4:54  Drone x2  
  52  4:57  Extractor  
  52  4:59  Overlord, Evolution Chamber  
  52  5:01  Zergling x4  
  52  5:03  Baneling  
  54  5:12  Drone x3  
  56  5:16  Zergling x4  
  56  5:19  Drone  
  57  5:28  Drone x6  
  53  5:35  Baneling x2  
  53  5:36  Drone x3  
  53  5:37  Roach Warren  
  53  5:39  Drone x3  
  58  5:45  Zergling x4  
  61  5:50  Zergling x6, Evolution Chamber  
  61  5:51  Baneling  
  61  5:52  Baneling x2  
  62  5:58  Overlord  
  62  6:02  Overlord  
  62  6:03  Drone  
  62  6:04  Drone, Baneling  
  60  6:13  Baneling x2  
  60  6:15  Drone x2, Lair  
  62  6:18  Extractor  
  61  6:27  Drone x3  
  61  6:28  Roach  
  61  6:29  Roach x2  
  69  6:33  Roach  
  69  6:34  Roach  
  69  6:35  Overlord  
  73  6:40  Roach  
  73  6:44  Roach, Zergling x2  
  73  6:45  Overlord  
  77  6:50  Roach x2  
  77  6:53  Drone x2  
  83  6:54  Drone x2  
  83  7:00  Roach x2  
  88  7:05  Drone x3  
  88  7:07  Extractor, Drone x2, Overlord  
  88  7:08  Drone x2  
  94  7:18  Roach x2  
  94  7:20  Overlord  
  98  7:23  Zerg Missile Weapons Level 1  
  98  7:26  Overlord  
  98  7:29  Glial Reconstitution  
  98  7:31  Overlord  
  98  7:33  Drone x4, Zergling x2  
  102  7:39  Drone x4  
  105  7:45  Baneling  
  105  7:47  Drone x2  
  105  7:50  Drone x4  
  109  7:52  Queen x2  
  109  7:53  Extractor  
  109  7:57  Pneumatized Carapace  
  112  8:01  Extractor  
  110  8:06  Overlord  
  110  8:10  Drone x2, Hatchery  
  110  8:11  Infestation Pit  
  110  8:12  Zerg Ground Armor Level 1  
  110  8:13  Drone x3  
  110  8:14  Drone x2  
  110  8:18  Drone x2  
  117  8:26  Overlord  
  117  8:34  Queen, Burrow  
  117  8:39  Queen  
  121  8:48  Pathogen Glands  
  121  8:49  Spore Crawler  
  121  8:51  Spore Crawler  
  121  8:53  Spore Crawler  
  118  8:57  Spore Crawler  
  118  8:59  Spore Crawler x2  
  118  9:00  Spore Crawler x2  
  113  9:06  Overlord  
  113  9:10  Roach, Zergling x2  
  113  9:11  Roach x3, Queen  
  113  9:15  Queen  
  125  9:19  Infestor x4  
  125  9:22  Spore Crawler  
  132  9:26  Infestor  
  132  9:30  Roach x4  
  142  9:32  Extractor  
  142  9:34  Extractor, Drone x4  
  144  9:39  Zerg Missile Weapons Level 2  
  144  9:40  Overlord  
  144  9:41  Drone x3  
  144  9:42  Drone  
  144  9:44  Overseer  
  148  9:49  Overlord, Drone  
  148  9:50  Roach x5  
  159  9:58  Hydralisk Den, Overlord  
  158  10:05  Overlord  
  158  10:09  Hive  
  158  10:15  Hatchery  
  158  10:16  Roach x3  
  163  10:23  Drone x3  
  165  10:33  Roach x7, Overlord  
  165  10:35  Overlord  
  177  10:38  Overlord  
  177  10:40  Extractor  
  176  10:43  Muscular Augments  
  176  10:45  Hydralisk x2  
  176  10:47  Overlord  
  176  10:48  Ravager x2  
  176  10:49  Ravager x2  
  184  10:57  Overseer  
  184  10:58  Ravager x3  
  184  11:03  Roach  
  184  11:04  Roach x3  
  195  11:18  Roach, Hydralisk  
  198  11:29  Roach  
  198  11:30  Roach x2  
  197  11:38  Roach  
  197  11:39  Roach x7  
  184  11:40  Roach x8  
  187  11:48  Roach  
  187  11:49  Roach x4  
  187  11:50  Roach  
  187  11:51  Unknown x6  
  181  11:56  Roach x2  
  181  12:00  Roach x2  
  181  12:01  Roach x2  
  162  12:09  Roach x3  
  162  12:13  Roach x2  
  157  12:21  Roach x3, Drone  
  152  12:26  Zerg Ground Armor Level 2  
  152  12:34  Roach x5  
  160  12:38  Zerg Missile Weapons Level 3  
  160  12:43  Extractor  
  159  12:47  Roach x5  
  159  12:49  Ravager  
  159  12:50  Ravager  
  171  12:55  Hatchery  
  170  13:00  Ravager  
  170  13:01  Roach  
  170  13:02  Roach x5  
  170  13:03  Overlord  
  183  13:08  Ravager  
  183  13:10  Roach x3  
  183  13:11  Overlord  
  190  13:14  Overlord  
  190  13:19  Roach x5  
  200  13:46  Hatchery  
  200  13:47  Overlord  
  197  14:01  Tunneling Claws  
  197  14:05  Spire  
  197  14:07  Unknown x3  
  196  14:10  Spine Crawler  
  196  14:12  Spine Crawler x2  
  196  14:13  Spine Crawler x3  
  190  14:17  Roach x2  
  190  14:18  Roach x3  
  200  14:32  Hydralisk  
  200  14:37  Roach x45  
  200  14:50  Spine Crawler x2  
  200  14:51  Spine Crawler  
  197  14:54  Spine Crawler  
  176  15:07  Hydralisk x13  
  184  15:32  Roach x4  
  184  15:33  Roach x11  
  180  15:36  Drone  
  163  15:46  Infestor x3  
  167  15:54  Drone x3, Infestor  
  167  15:55  Drone  
  159  16:03  Roach x3  
  155  16:08  Ravager x5  
  155  16:11  Roach  
  160  16:12  Ravager, Roach  
  160  16:18  Roach x2  
  167  16:24  Roach x6  
  167  16:31  Roach  
  167  16:32  Roach x5  
Show
View Real Time Build Order
Export as new Build Order

Revolution Zerg 

Build Orders: Hatch First, Zergling Baneling 

Get SALT Encoding   

  12  0:00  Drone  
  13  0:12  Overlord  
  13  0:16  Drone  
  14  0:31  Drone x2  
  14  0:34  Drone  
  17  0:52  Hatchery  
  17  0:55  Drone  
  17  0:58  Extractor  
  17  1:00  Drone  
  17  1:15  Spawning Pool  
  17  1:18  Drone  
  17  1:23  Drone  
  18  1:30  Drone  
  19  1:42  Overlord  
  19  1:54  Drone  
  20  2:03  Queen  
  20  2:04  Queen, Metabolic Boost  
  20  2:08  Zergling x2  
  25  2:12  Drone  
  26  2:16  Drone  
  26  2:17  Drone  
  28  2:24  Baneling Nest  
  28  2:27  Zergling x2  
  28  2:30  Drone  
  28  2:36  Drone  
  31  2:37  Drone  
  31  2:54  Hatchery  
  30  3:05  Zergling x4  
  31  3:06  Overlord  
  31  3:11  Zergling x2  
  31  3:12  Zergling x4  
  34  3:14  Baneling  
  34  3:15  Baneling  
  34  3:24  Queen  
  34  3:26  Baneling  
  36  3:28  Zergling x4  
  36  3:46  Zergling x12  
  41  3:51  Zergling x4  
  43  3:58  Baneling x2  
  41  4:07  Zergling x12  
  41  4:09  Baneling x2  
  47  4:10  Baneling  
  46  4:18  Zergling x2  
  40  4:38  Drone x10  
  45  4:46  Queen  
  45  4:48  Drone x2  
  45  4:51  Zergling x2  
  50  4:56  Overlord  
  50  5:03  Baneling x3  
  50  5:10  Overlord  
  49  5:15  Zergling x12  
  48  5:40  Zergling x6  
  51  5:43  Overlord x2  
  51  5:48  Baneling x2  
  51  5:49  Evolution Chamber, Baneling  
  50  5:50  Hatchery, Roach Warren  
  47  6:04  Zergling x10  
  47  6:15  Drone x8  
  47  6:16  Zerg Missile Weapons Level 1  
  47  6:17  Extractor  
  47  6:18  Extractor, Lair  
  53  6:28  Drone x2  
  53  6:37  Drone x2  
  53  6:51  Extractor, Zergling x6  
  53  6:52  Drone  
  53  6:53  Drone x2  
  53  6:54  Drone x3  
  57  7:04  Drone x3  
  60  7:14  Drone x9  
  60  7:15  Extractor  
  68  7:18  Spire, Baneling x3  
  67  7:32  Drone x4  
  67  7:35  Extractor  
  64  7:53  Overlord x3  
  64  7:57  Roach  
  64  7:58  Roach x3  
  72  8:02  Overlord x2  
  72  8:08  Overlord x2  
  72  8:21  Roach x2  
  72  8:22  Roach x6  
  88  8:31  Mutalisk x5  
  98  8:35  Mutalisk x2  
  98  8:38  Drone  
  98  8:39  Drone x2  
  105  8:47  Zerg Missile Weapons Level 2, Glial Reconstitution  
  105  8:54  Hatchery  
  104  9:04  Overlord  
  104  9:05  Overlord  
  104  9:18  Overlord x3  
  104  9:20  Roach x6  
  104  9:21  Roach x4  
  124  9:32  Roach x5  
  124  9:34  Overlord  
  134  9:52  Roach x9  
  152  10:00  Drone x2  
  152  10:03  Drone  
  152  10:07  Ravager x9  
  157  10:10  Overseer  
  164  10:16  Overlord x3  
  164  10:25  Roach x5  
  164  10:26  Roach x2  
  178  10:31  Overseer  
  178  10:32  Overseer  
  174  10:36  Roach  
  174  10:37  Roach x4  
  174  10:41  Roach x2  
  178  10:47  Overseer  
  178  10:49  Roach x3  
  184  10:50  Roach  
  184  10:54  Drone x4  
  190  10:58  Queen  
  190  11:11  Roach x4  
  194  11:29  Roach  
  194  11:30  Roach x3  
  194  11:37  Roach  
  194  11:38  Roach x9  
  188  11:52  Roach x3  
  188  11:53  Roach x5  
  171  12:01  Roach  
  171  12:02  Roach x4  
  171  12:09  Roach  
  171  12:10  Roach  
  171  12:14  Roach x3  
  136  12:23  Roach x2  
  136  12:26  Roach x3  
  136  12:27  Overseer  
  146  12:35  Roach x2  
  150  12:41  Zerg Ground Armor Level 1, Extractor x2  
  150  12:43  Ravager x7  
  155  12:44  Infestation Pit  
  155  12:48  Roach x3  
  155  12:49  Roach  
  162  12:52  Overseer  
  162  12:54  Overlord x2  
  162  12:55  Overlord x2  
  162  13:01  Burrow  
  162  13:03  Roach x3  
  162  13:04  Roach  
  170  13:14  Roach x3  
  170  13:15  Roach x5  
  186  13:28  Pathogen Glands  
  184  13:47  Hatchery  
  181  14:01  Infestor  
  181  14:02  Infestor x5  
  189  14:33  Roach x5  
  189  14:35  Hive  
  199  14:43  Zerg Ground Armor Level 2  
  196  14:47  Evolution Chamber  
  195  14:52  Infestor  
  195  14:58  Drone x16  
  195  15:00  Unknown x4  
  195  15:12  Roach x3, Hatchery  
  200  15:16  Roach Warren  
  108  15:44  Roach x4  
  108  15:45  Roach x20  
  156  15:53  Roach x2  
  156  15:56  Infestor  
  162  16:05  Ravager x4  
  162  16:06  Ravager x2  
  168  16:13  Roach x3  
  174  16:32  Unknown  
Tags
 
Add a new tag
Caveats
  • Supply blocks, unpowered buildings, or Contaminate may cause inaccurate times.
  • Supply counts are checked every 10 seconds.